AoeStats
← JRazzz

MegaRandom

504500938Analyzed
4v4 RM · 27d ago on Sep 5, 2026· 32m 28s· 8 players
Game mode
Random Map
Map size
Large (8 player)
Population
200
Speed
Normal
Resources
Standard
Victory
Conquest
Starting age
Dark Age
Ending age
Imperial Age
RankedLock teamsTeams togetherTeam positionsShared explorationLock speedFull tech treeHidden civsTurbo modeCheats
Victory
Defeat
🇮🇹 Ethiopians · Italy
1436
+14
🇩🇪 Magyars · Germany
1418
+14
🇻🇳 Mongols · Vietnam
1351
+18
🇭🇰 Poles · Hong Kong SAR China
1349
+17
🇪🇸 Persians · Spain
1385
-16
🇮🇳 Gurjaras · India
1385
-16
🇦🇲 Japanese · Armenia
1383
-16
🇬🇧 Magyars · United Kingdom
1358
-15
Chompskee
10:36 Feudal Age
12:44 Loom
15:33 Castle Age
15:56 Horse Collar
16:05 Double-Bit Axe
JRazzz
6:06 Loom
8:51 Feudal Age
Mezsar
9:21 Feudal Age
9:55 Double-Bit Axe
ׅ
7:12 Loom
Laljia
10:36 Feudal Age
15:06 Castle Age
14:13 Double-Bit Axe
16:32 Scale Barding Armor
17:16 Husbandry
21:22 Chain Barding Armor
23:19 Bow Saw
24:20 Wheelbarrow
26:17 Bloodlines
34:15 Imperial Age
32:01 Bow Saw
dnlmh
10:32 Feudal Age
14:29 Castle Age
This is Kawaii
12:10 Feudal Age
11:46 Loom
13:54 Double-Bit Axe
16:35 Castle Age
15:13 Horse Collar
15:26 Stone Mining
16:01 Fletching
18:39 Bow Saw
25:42 Heavy Plow
29:10 Wheelbarrow
28:23 Town Watch
34:00 Imperial Age
32:15 Thumb Ring
32:32 Ballistics
32:32 Gold Mining
Guts
8:40 Loom
10:44 Feudal Age
15:29 Castle Age
13:53 Double-Bit Axe
14:52 Fletching
14:51 Horse Collar
15:48 Crossbowman
19:18 Bodkin Arrow
20:03 Padded Archer Armor
21:36 Heavy Plow
24:46 Bow Saw
32:55 Imperial Age
31:13 Ballistics
Connection lost

Rejoining the realm…

Still unreachable

The connection could not be restored.

Session expired

The server has moved on; the page needs a fresh start.